Cogmind - Beta 16.1 @@@ ROGUE MODE // 2026.04.10 @ 17:35:52 Player: zacyquack Result: Destroyed by as-62206 with Assembled Heavy Rifle Performance ------------- Evolutions (0) 0 Regions Visited (2) 400 Robots Destroyed (27) 135 Value Destroyed (665) 665 Prototype IDs (0) 0 Alien Tech Used (0) 0 Bonus (0) 0 TOTAL SCORE: 1200 Bonus ------- None Cogmind --------- Core Integrity 0/250 Matter 12/300 Energy 100/100 System Corruption 1% Temperature Cool (0) Movement Core (700) Ox13 Location -10/Mines Parts ------- > --- POWER (1) -------- (None) > --- PROPULSION (2) --- (None) > --- UTILITY (2) ------ High-capacity Storage Unit Visual Processing Unit > --- WEAPON (2) ------- (None) > --- INVENTORY (20) --- Light Ion Engine Light Nuclear Core Light Treads Light Treads Light Treads Flight Unit Flight Unit Flight Unit Weight Redist. System Experimental Sensor Array Transport Network Coupler Targeting Computer Propulsion Shielding Light Armor Plating Mining Laser Hammer Peak State ------------ > --- POWER ------------ Ion Engine > --- PROPULSION ------- Light Treads Light Treads > --- UTILITY ---------- High-capacity Storage Unit Visual Processing Unit > --- WEAPON ----------- Assault Rifle Light Cannon > --- INVENTORY -------- Light Ion Engine Light Nuclear Core Light Treads Light Treads Light Treads Flight Unit Flight Unit Flight Unit Weight Redist. System Transport Network Coupler Targeting Computer Propulsion Shielding Light Armor Plating Grenade Launcher Grenade Launcher Mining Laser Hammer [Rating: 10] Favorites ----------- Power Ion Engine Engine Ion Engine Propulsion Light Treads Treads Light Treads Utility Visual Processing Unit Device Tractor Beam Storage High-capacity Storage Unit Processor Visual Processing Unit Weapon Assault Rifle Ballistic Gun Assault Rifle Ballistic Cannon Light Cannon Launcher Grenade Launcher Impact Weapon Hammer Build | -11 -10 -10 ------- Run | Yrd Mat Min Slots Evolved . | . . . Power . | . . . Propulsion . | . . . Utility . | . . . Weapon . | . . . Parts Attached 18 | 7 8 3 Power 2 | 1 1 . Engine 2 | 1 1 . Core . | . . . Reactor . | . . . Propulsion 4 | 2 2 . Treads 4 | 2 2 . Leg . | . . . Wheel . | . . . Hover . | . . . Flight . | . . . Utility 5 | 2 3 . Device 1 | 1 . . Storage 3 | 1 2 . Processor 1 | . 1 . Hackware . | . . . Protection . | . . . Artifact . | . . . Weapon 7 | 2 2 3 Energy Gun . | . . . Energy Cannon . | . . . Ballistic Gun 3 | 2 1 . Ballistic Cannon 1 | . 1 . Launcher 2 | . . 2 Special Weapon . | . . . Impact Weapon 1 | . . 1 Slashing Weapon . | . . . Piercing Weapon . | . . . Special Melee Weapon . | . . . Unidentified Prototypes . | . . . Parts Lost 11 | . 4 7 Power 2 | . 1 1 Propulsion 3 | . 1 2 Utility 1 | . 1 . Weapon 5 | . 1 4 Highest Loss Streak 6 | . 2 6 To Critical Strikes . | . . . Average Backups 10 | 1 9 17 Power 1 | . 1 2 Propulsion 4 | . 4 6 Utility 2 | . 1 5 Weapon 2 | . 2 3 Tool/Special . | . . . Unused Backups 15 | . . 15 Power 2 | . . 2 Propulsion 6 | . . 6 Utility 6 | . . 6 Weapon 1 | . . 1 Tool/Special . | . . . Average Slot Usage (%) 96 | . 98 90 Engine 12 | . 13 7 Treads 27 | . 28 25 Device 1 | . 1 . Storage 14 | . 14 14 Processor 11 | . 11 14 Ballistic Gun 16 | . 19 2 Ballistic Cannon 7 | . 8 1 Launcher 3 | . . 22 Peak Build Rating 10 | 7 10 10 Average Rating 8 | 4 8 9 On Entrance 5 | . 7 10 Avg Prop Armor Cover (%) . | . . . Naked Turns . | . . . Heaviest Build 90 | 13 90 51 Greatest Support 40 | 40 40 40 Greatest Overweight (x) 13 | 1 2 13 Average Overweight (x) . | . . 1 Largest Inventory Capacity 25 | 8 25 20 Average Capacity 17 | 7 17 20 Most Carried 18 | 5 17 18 Average Carried 10 | 2 9 17 Final Capacity 20 | 8 20 20 Final Carried 17 | 2 17 16 Class Distribution -------------------- 100% | Mutant Dominant Class ---------------- Mutant | -10/Materials Mutant | -10/Mines Resources | -11 -10 -10 ----------- Run | Yrd Mat Min Matter Collected 879 | 282 565 32 Remotely 165 | 50 115 . Salvage Created 843 | 93 624 126 Parts 49 | 3 36 10 Haulers Intercepted 2 | . 2 . Recyclers Shooed . | . . . Parts Field Recycled . | . . . Retrieved Matter . | . . . Parts Self-Destructed . | . . . Prevented . | . . . Parts Restored . | . . . Kills | -11 -10 -10 ------- Run | Yrd Mat Min Combat Hostiles Destroyed 29 | . 15 14 Melee 2 | . . 2 Guns 10 | . 10 . Cannons 5 | . 5 . AOE 12 | . . 12 Classes Destroyed 7 | 1 5 1 Hauler 2 | . 2 . Recycler 1 | 1 . . Operator 2 | . 2 . Watcher 3 | . 3 . Swarmer 5 | . 5 . Grunt 14 | . 10 4 Assembled 10 | . . 10 Best Kill Streak 5 | 1 5 5 Combat Bots Only 5 | . 4 5 Max Kills in Single Turn 2 | 1 2 2 Gunslinging 1 | . 1 . Exploded 2 | . . 2 Melee 1 | . . 1 Uniques/NPCs Destroyed . | . . . Combat | -11 -10 -10 -------- Run | Yrd Mat Min Hostile Shots Fired 194 | . 118 76 Missed 64 | . 43 21 Hits 130 | . 75 55 Melee 5 | . . 5 Projectile 125 | . 75 50 Damage Taken 1596 | . 776 820 Core 251 | . 127 124 Absorbed by Shields . | . . . Core Remaining (%) 100 | 100 . . Volleys Fired 97 | 2 78 17 Largest 2 | 2 2 2 Hottest 60 | 40 50 60 Shots Fired 191 | 4 156 31 Gun 125 | 4 119 2 Cannon 38 | . 37 1 Launcher 28 | . . 28 Special . | . . . Kinetic 163 | 4 156 3 Thermal . | . . . Explosive 28 | . . 28 Electromagnetic . | . . . Robot Hit Streak 10 | 3 10 3 Robot Miss Streak 6 | 1 6 4 Penetration Max . | . . . Secondary Targets 3 | . 3 . Max Gunslinging Chain 1 | . 1 . Shots Hit Robots 105 | 3 90 12 Core Hits 62 | 2 32 28 Critical Kills 2 | . 1 1 Critical Parts Destroyed . | . . . Critical Strikes 3 | . 2 1 Destroy 1 | . 1 . Blast 1 | . 1 . Smash 1 | . . 1 Melee Attacks 4 | . . 4 Impact 4 | . . 4 Slashing . | . . . Piercing . | . . . Sneak Attacks . | . . . Combat Hostiles . | . . . Follow-up Attacks . | . . . Damage Inflicted 2171 | 35 1256 880 Guns 892 | 35 845 12 Cannons 425 | . 407 18 Explosions 758 | . . 758 Melee 92 | . . 92 Ramming 4 | . 4 . Kinetic 1317 | 35 1252 30 Thermal . | . . . Explosive 758 | . . 758 Electromagnetic . | . . . Impact 92 | . . 92 Slashing . | . . . Piercing . | . . . Highest Corruption 1 | . 1 1 Average Corruption 1 | . 1 1 Corruption Purged . | . . . Corruption Blocked . | . . . Effects 5 | . 4 1 Message Errors 2 | . 1 1 Matter Fused 1 | . 1 . Data Loss (major) 2 | . 2 . Overload Shots . | . . . Overflow Damage 13 | . . 13 Projectiles . | . . . Explosions 1 | . . 1 Melee 12 | . . 12 Knockbacks 6 | . 4 2 Impact 1 | . . 1 Kinetic 5 | . 4 1 Secondary . | . . . Self-Inflicted Damage 21 | . . 21 Shots 2 | . . 2 Rammed 1 | . 1 . Targets Rammed 1 | . 1 . Kicked . | . . . Crushed . | . . . Highest Temperature 20 | . 7 20 Average Temperature 8 | . 3 12 Received Heat Transfer 429 | . 294 135 Siege Activations . | . . . Martial Activations . | . . . Shielding Activations . | . . . Robots Disrupted . | . . . Combat Hostiles . | . . . Robots Corrupted . | . . . Combat Hostiles . | . . . Parts Fried . | . . . Impact Corruptions 1 | . . 1 Robots Melted . | . . . Combat Hostiles . | . . . Parts Melted . | . . . Heat Transferred . | . . . Parts Sabotaged . | . . . Parts Stolen . | . . . Parts Stripped . | . . . Power Chain Reactions . | . . . Alert | -11 -10 -10 ------- Run | Yrd Mat Min Maximum Alert Level . | . . . Low Security (%) 100 | 100 100 100 Level 1 . | . . . Level 2 . | . . . Level 3 . | . . . Level 4 . | . . . Level 5 . | . . . High Security . | . . . Max Security . | . . . Peak Influence 92 | 5 92 75 Initial . | . . . Average 23 | . 22 30 Influence Increases 641 | 5 442 194 Destroy 0b10 Robot/C 380 | . 300 80 Destroy 0b10 Robot/NC 40 | 5 35 . Destroy Leader 80 | . 60 20 Successful Hack 31 | . 31 . Disable Machine 15 | . 15 . Destroy Structure 95 | . 1 94 Influence Decreases 641 | 5 442 194 Time Decay 556 | 5 387 164 Lost Part 69 | . 39 30 Purge Threat 16 | . 16 . Squads Dispatched 2 | . 2 . Investigation . | . . . Extermination . | . . . Reinforcement 2 | . 2 . Assault . | . . . Garrison . | . . . Intercept . | . . . Searches Triggered . | . . . Construction Impeded . | . . . Haulers Reinforced . | . . . Active Scanning Responses . | . . . Cargo Convoy Interrupts . | . . . Stealth | -11 -10 -10 --------- Run | Yrd Mat Min Distress Signals 4 | . 4 . Communications Jammed . | . . . Distress Signals . | . . . Times Spotted 43 | . 26 17 Peak Tracking Total 6 | . 6 4 Tactical Retreats 1 | . . 1 Traps | -11 -10 -10 ------- Run | Yrd Mat Min Traps Triggered 1 | . 1 . Indirectly . | . . . Trap Hack Attempts . | . . . Triggered . | . . . Disarmed . | . . . Reprogrammed . | . . . Reused . | . . . Traps Extracted . | . . . Installed . | . . . Triggered . | . . . Machines | -11 -10 -10 ---------- Run | Yrd Mat Min Machines Disabled 2 | . 2 . Max in Single Turn 1 | . 1 . Machines Repaired . | . . . Machines Dismantled . | . . . Machines Sabotaged . | . . . Overloaded Fab Kills . | . . . Hacking | -11 -10 -10 --------- Run | Yrd Mat Min Machines Accessed 8 | . 8 . Terminals 6 | . 6 . Fabricators . | . . . Repair Stations . | . . . Recycling Units 2 | . 2 . Scanalyzers . | . . . Garrison Access . | . . . Total Hacks 22 | . 22 . Successful 10 | . 10 . Failed 12 | . 12 . Catastrophic 2 | . 2 . Database Lockouts . | . . . Manual 11 | . 11 . Terminals 18 | . 18 . Fabricators . | . . . Repair Stations . | . . . Recycling Units 4 | . 4 . Scanalyzers . | . . . Garrison Access . | . . . Terminal Hacks 7 | . 7 . Level Access Points 2 | . 2 . Branch Access Points 1 | . 1 . Unreport Threat 1 | . 1 . Locate Traps 1 | . 1 . Transport Status 1 | . 1 . Hauler Manifests 1 | . 1 . Fabricator Hacks . | . . . Repair Station Hacks . | . . . Recycling Unit Hacks 2 | . 2 . Retrieve Components 2 | . 2 . Scanalyzer . | . . . Garrison Access Hacks . | . . . Unauthorized Hacks 1 | . 1 . Terminals 1 | . 1 . Operators 1 | . 1 . Fabricators . | . . . Repair Stations . | . . . Recycling Units . | . . . Scanalyzers . | . . . Garrison Access . | . . . Data Cores Recovered . | . . . Used . | . . . Hacking Detections 7 | . 7 . Full Trace Events . | . . . Feedback Events . | . . . Feedback Blocked . | . . . Robot Schematics Acquired . | . . . Robots Built . | . . . Authchips . | . . . Time . | . . . Total Robot Build Rating . | . . . Part Schematics Acquired . | . . . Parts Built . | . . . Authchips . | . . . Time . | . . . Total Part Build Rating . | . . . Part Studies Acquired . | . . . Parts Repaired . | . . . Time . | . . . Parts Recycled . | . . . Recycled Matter . | . . . Retrieved Matter . | . . . Retrieved Components 19 | . 19 . Parts Scanalyzed . | . . . Part Schematics Acquired . | . . . Parts Damaged . | . . . Bothacking | -11 -10 -10 ------------ Run | Yrd Mat Min Used RIF Installer . | . . . Robots Hacked . | . . . Non-combat . | . . . Combat . | . . . Robot Hacks Applied . | . . . Relay Couplers Released . | . . . Fabnet Peak Effective % . | . . . Robots Rewired . | . . . Allies Hacked . | . . . Hacks Repelled . | . . . Allies | -11 -10 -10 -------- Run | Yrd Mat Min Total Allies . | . . . Largest Group . | . . . Highest-Rated Group . | . . . Highest-Rated Ally . | . . . Total Orders . | . . . Ally Attacks . | . . . Total Damage . | . . . Kills . | . . . Allies Corrupted . | . . . Allies Melted . | . . . Intel | -11 -10 -10 ------- Run | Yrd Mat Min Active Infowar (turns) 1973 | . 1585 388 Optics 1973 | . 1585 388 Robot Analysis Total . | . . . Derelict Logs Recovered . | . . . Drone Launches . | . . . Drone Recoveries . | . . . Exploration | -11 -10 -10 ------------- Run | Yrd Mat Min Turns Passed 2394 | 78 1928 388 Spaces Moved 918 | 42 748 128 Core 16 | 14 . 2 Treads 902 | 28 748 126 Legs . | . . . Wheels . | . . . Hover . | . . . Flight . | . . . Fastest Speed 50 | 50 160 240 Average Speed 222 | 136 221 254 Slowest Speed 700 | 160 320 700 Overloaded Moves . | . . . Propulsion Burnouts . | . . . Robots Hopped . | . . . Potential Cave-ins . | . . . Cave-ins Triggered . | . . . Exploration Rate (%) 45 | 5 96 36 Regions Visited 2 Branch Regions 1 Pre-discovered Areas . | . . . Known Exits Taken 1 | . 1 . Unknown Exits Taken 1 | 1 . . Scrap Searched . | . . . Spaces Dug . | . . . Terrain Destroyed 129 | . . 129 Melee . | . . . Projectile . | . . . AOE 129 | . . 129 Terrain Rammed . | . . . Walls Destroyed . | . . . Machines Disabled . | . . . Actions | -11 -10 -10 --------- Run | Yrd Mat Min Total 1074 | 58 860 156 Wait . | . . . Move 916 | 41 747 128 Hop . | . . . Pick Up 31 | 8 22 1 Fast Attach 1 | 1 . . Attach 12 | 6 4 2 Detach . | . . . Swap 8 | . 4 4 Drop 4 | . 4 . Fire 97 | 2 78 17 Melee 4 | . . 4 Ram . | . . . Kick . | . . . Crush 1 | . 1 . Escape Stasis . | . . . Rewire . | . . . Trap . | . . . Miscellaneous . | . . . Route ------- -11/Scrapyard -10/Materials (discovered 6 exits: *Mat x3 / *Min x2 / [*Sub]) -10/Mines History --------- Turn | Location | Event 10 | -11/Scrapyard | Discovered new exit (range 14) 79 | -11/Scrapyard | Entered Materials 186 | -10/Materials | Discovered new exit (range 5) 312 | -10/Materials | Build established: Mutant 425 | -10/Materials | Identified exit to Materials 627 | -10/Materials | Discovered new exit (range 9) 788 | -10/Materials | Identified exit to Mines 1087 | -10/Materials | Core integrity fell below 50% 2007 | -10/Materials | Entered Mines 2008 | -10/Mines | Assembled infested the area 2013 | -10/Mines | Assisted by a Guerilla fighting off Assembled 2069 | -10/Mines | Found a damaged Exp. Sensor Array with a note attached 2074 | -10/Mines | Found Prototype Device 2372 | -10/Mines | Core integrity fell below 20% 2395 | -10/Mines | Destroyed by as-62206 with Assembled Heavy Rifle Last Messages --------------- 02303_ The unstable cave ceiling collapses. 02323_ as-16066 destroyed. 02327_ Lgt. Treads destroyed. 02328_ as-03402 suffers critical hit (Smash). 02328_ as-03402 destroyed. 02333_ Destroyed Asb. Hover Unit. 02333_ as-63395 system corrupted by crushing effect. 02333_ as-63395 knocked back. 02334_ The unstable cave ceiling collapses. 02341_ Grenade Launcher destroyed. 02343_ as-63395 destroyed. 02346_ Acquired 7 matter. 02352_ Grenade Launcher destroyed. 02359_ The unstable cave ceiling collapses. 02366_ as-62206 knocked back. 02369_ The unstable cave ceiling collapses. 02382_ Lgt. Cannon destroyed. 02384_ Lgt. Treads destroyed. 02392_ Assault Rifle destroyed. Map ----- +----------------------------------------------------+ | ??????????????????????????## ##?## ##??????? | | ?????????????????????????## ### ##?????? | | ???????????????????????### ## #?????? | | ??????????????????????## #### #?????? | | ??????????????????????# ##??# #?????? | | ??????????????????????# ##???## ##?????? | | ?????????????????????## ##??????###??????? | | ?????????????????????# ##????????????????? | | ?????????????????????# # #?????????????????? | | ????????????????????## #?????????????????? | | ????????????????????# # #?????????????????? | | ??????????????????### # ##?????????????????? | | ????????????????#### # = #?????????????????? | | ????????????##### # ##?????????????????? | | ??????????==# # #??????????????????? | | ??????? *===%* #??????????????????? | | ??????? = !=! ##?????????????????? | | ????????!%* * #?????????????????? | | ???????? =## # #?????????????????? | | ???????????###### # ##?????????????????? | | ???????????????######## ## #??????????????????? | | ????????????????#?????### # ######?????????????? | | ???????????????????????# # #??######?????? | | ??????????????????????## % ##### #?## ##????? | | ??????????????????????# a #???# #?# ##???? | | ??????????????????????# @ #???# ### ####? | | ??????????????????????# ##### ## ## | | ??????????????????????# # | | ?????????????????????# a% #### # | | ????????????????????# #??# ## #? | | ?????????????????? #??# #### #? | | ?????????????????? ##??# """ #### #? | | ?????????????????####### $###???# """ ## ##? | | ???????????????????????####?????## """ ##? | | ?????????????????????????????????# #? | | ?????????????????????????????????## #? | | ??????????????????????????????????#### ##? | | ???????????????????###??######?##????## ##?? | | ??????????????????## ### # ????## ##??? | | ??????????????????# ##### ####???? | | ??????????????????# # #??????? | | ??????????????????# ##?????? | | ??????????????????# ## #?????? | | ??????????????????# ### #?????? | | ??????????????????## #?# # = ##?????? | | ???????????????????## ##???## #?????? | | ????????????????????## ##?????## #####?? | | ?????????????????????# #???????## # # #?? | | ?????????????????????# #????????#### ### #? | | ?????????????????????# #???????????######?### #? | +----------------------------------------------------+ Best States ------------- Heat Dissipation 25 Energy Generation 10 Energy Capacity 250 Matter Stores 300 Matter Capacity 300 Sight Range 18 Terrain Scan Density 10 Evasion (%) 40 Recoil Reduction 2 Item Schematics ----------------- None Robot Schematics ------------------ None Fabricated ------------ Nothing Repaired ---------- Nothing Studied --------- None Alien Tech Used ----------------- None Achievements -------------- None Challenges ------------ None Game ------ Seed ResetBlinkMiniperforator Manual? 0 Play Time 00:15:52 Cumulative 18.9 hours Start 2026.04.10 @ 17:20:08 End 2026.04.10 @ 17:35:52 Sessions 1 Manual Loads 0 Difficulty Rogue Special Mode None Game No. 30 Rogue 30 Adventurer 0 Explorer 0 Win Type - Total 0 Types 0/0/0/0/0/0/0/0/0/0 Lore% 12 Gallery% 19 Achievement% 18 Wizard Run 0 Options --------- Layout 1 ASCII 0 Keyboard 0 Movement Mouse Keybinds 0 Fullscreen 1 Font 32/SmallcapsGlow Map View 50x35 Zoom Use 0% Tactical HUD 1 Map Filters NONE Filters NONE Steam 1 RUN: 5e5ee905-d9f1-4dde-96bf-11470f45de5c